 Dungeon Crawl Stone Soup version 0.32-a0-314-g526f7d4993 (webtiles) character file.

Game seed: 2262734662348688127

642 Newt the Trooper (level 7, -2/69 HPs)
             Began as a Gargoyle Fighter on Feb 15, 2024.
             Was an Initiate of Okawaru.
             Slain by a water moccasin (6 damage)
             ... on level 5 of the Dungeon.
             The game lasted 00:04:09 (3058 turns).

Newt the Trooper (Gargoyle Fighter)                 Turns: 3058, Time: 00:04:09

Health: -2/69      AC: 16    Str: 21    XL:     7   Next: 51%
Magic:  7/7        EV:  8    Int: 12    God:    Okawaru [......]
Gold:   199        SH:  4    Dex:  9    Spells: 6/6 levels left

rFire   + + .        m - +0 whip (venom)
rCold   + + .        c - +0 buckler
rNeg    + . .        e - +0 chain mail {Will+}
rPois   ∞            l - +0 helmet {Int+3}
rElec   +            (no cloak)
rCorr   +            (no gloves)
SInv    .            (no boots)
Will    +....        (no amulet) Stlth
                     f - ring of protection from fire
HPRegen 0.31/turn    w - ring of protection from cold
MPRegen 0.10/turn

%: no passive effects
@: berserking, resistant, attractive, very quick
A: sickness immunity, AC +4, negative energy resistance 1, electricity
resistance, torment resistance 1, petrification resistance
a: Renounce Religion


You were on level 5 of the Dungeon.
You worshipped Okawaru.
Okawaru was noncommittal.
You visited 2 branches of the dungeon, and saw 6 of its levels.

You collected 199 gold pieces.

Inventory:

Hand Weapons
 a - a +0 flail
 m - a +0 whip of venom (weapon)
Missiles
 o - 2 javelins
 t - a boomerang
Armour
 b - a +0 scale mail
 c - a +0 buckler (worn)
 e - a +0 chain mail of willpower (worn)
 l - a +0 helmet of intelligence (worn)
Jewellery
 f - a ring of protection from fire (left hand)
 w - a ring of protection from cold (right hand)
Scrolls
 j - a scroll of vulnerability
 k - a scroll of silence
 n - a scroll of revelation {unknown}
 s - a scroll of blinking {unknown}
 u - a scroll of immolation {unknown}
Potions
 d - a potion of might


   Skills:
 + Level 6.0 Fighting
 - Level 5.0 Maces & Flails
 * Level 5.8 Armour
 - Level 3.2 Shields


You had 6 spell levels left.
You didn't know any spells.
Your spell library contained the following spells:

 Spells                   Type           Power      Damage    Failure   Level
 Shock                    Conj/Air       0%         1d3       95%         1
 Swiftness                Air            0%         N/A       100%        3
 Airstrike                Air            0%         2d(0-16)  100%        4


Dungeon Overview and Level Annotations

Branches:
Dungeon (5/15)             Temple (1/1) D:4

Altars:
Ashenzari
Cheibriados
Dithmenos
Hepliaklqana
Kikubaaqudgha
Nemelex Xobeh
Okawaru
Qazlal
Ru
Sif Muna
Trog
Uskayaw
Vehumet
Wu Jian


Innate Abilities, Weirdness & Mutations

You are immune to sickness and miasma.
Your stone body is resilient. (AC +4)
You are immune to poison.
You resist negative energy. (rN+)
You are resistant to electric shocks. (rElec)
You are resistant to unholy torment.
You are immune to petrification.


Message History

The water moccasin is moderately wounded.
You block the water moccasin's attack.
You closely miss the water moccasin.
The water moccasin is moderately wounded.
The water moccasin bites you.
* * * LOW HITPOINT WARNING * * *
You barely miss the water moccasin.
The water moccasin is moderately wounded.
The water moccasin bites you.
* * * LOW HITPOINT WARNING * * *
You miss the water moccasin.
The water moccasin is moderately wounded.
The water moccasin bites you.
* * * LOW HITPOINT WARNING * * *
The water moccasin bites you but does no damage.
Okay, then.
It was a potion of enlightenment.
You feel very buoyant.
You fly up into the air.
The water moccasin bites you but does no damage.
It was a potion of cancellation.
Your magical effects are unravelling.
You feel magically purged.
You float gracefully downwards.
Your enlightenment fades.
The water moccasin bites you but does no damage.
It was a potion of attraction.
You feel attractive to monsters. The water moccasin bites you.
* * * LOW HITPOINT WARNING * * *
You block the water moccasin's attack.
It was a potion of resistance.
You feel protected. The water moccasin barely misses you.
It was a potion of magic.
Magic courses through your body. The water moccasin barely misses you.
The water moccasin bites you but does no damage.
It was a potion of berserk rage.
A red film seems to cover your vision as you go berserk!
You feel yourself moving faster!
You feel mighty! The water moccasin bites you.
You die...

......####...
............ .
...........##.
.............
#..........#
#..........#
#.......)..#
....._.@...#
.......S...#
...........#
.........###
........##
........#
........#
#+#.#...#


You could see a water moccasin.

Vanquished Creatures
  2 black bears (D:4)
  A scorpion (D:4)
  A bombardier beetle (D:3)
  An orc priest (D:3)
  Jessica (D:2)
  An iguana (D:4)
  An orc wizard (D:3)
  A sleepcap (D:4)
  Robin (D:2)
  5 gnolls
  2 adders (D:3)
  2 dart slugs (D:1)
  12 orcs
  5 ball pythons
  11 endoplasms
  3 giant cockroaches
  12 goblins
  8 hobgoblins
  A quokka (D:3)
  7 bats
  3 frilled lizards (D:1)
  4 kobolds
  6 rats
91 creatures vanquished.

Notes
Turn   | Place    | Note
-------+----------+-------------------------------------------
     0 | D:1      | Newt the Gargoyle Fighter began the quest for the Orb.
     0 | D:1      | Reached XP level 1. HP: 14/14 MP: 1/1
    50 | D:1      | Reached XP level 2. HP: 19/19 MP: 2/2
   105 | D:1      | Reached XP level 3. HP: 13/24 MP: 3/3
   599 | D:1      | Reached skill level 4 in Fighting
  1039 | D:2      | Reached XP level 4. HP: 29/29 MP: 4/4
  1313 | D:2      | Noticed Jessica
  1314 | D:2      | Found a faded altar of an unknown god.
  1320 | D:2      | Noticed Robin
  1335 | D:2      | Killed Jessica
  1377 | D:2      | Reached XP level 5. HP: 15/34 MP: 5/5
  1385 | D:2      | Killed Robin
  1813 | D:3      | Reached skill level 5 in Maces & Flails
  1813 | D:3      | Reached XP level 6. HP: 37/40 MP: 6/6
  2057 | D:3      | Reached skill level 5 in Fighting
  2747 | D:4      | Noticed a black bear
  2758 | D:4      | Killed a black bear
  2759 | D:4      | Reached skill level 5 in Armour
  2759 | D:4      | Reached XP level 7. HP: 34/45 MP: 7/7
  2866 | D:4      | Found a staircase to the Ecumenical Temple.
  2877 | Temple   | Entered the Ecumenical Temple
  2885 | Temple   | Became a worshipper of Warmaster Okawaru
  2984 | D:4      | Reached skill level 6 in Fighting
  3012 | D:5      | Entered Level 5 of the Dungeon
  3033 | D:5      | Found a bloodstained altar of Trog.
  3052 | D:5      | HP: 2/46 [water moccasin (4)]
  3058 | D:5      | Slain by a water moccasin

Illustrated notes

Levels and vault maps discovered:
D:1:      minmay_arrival_open_corners, layout_basic, serial_forest,
          infiniplex_forest_zigzag_1, infiniplex_forest_join,
          infiniplex_forest_corner_2, infiniplex_forest_lined_2,
          infiniplex_forest_straight_2, infiniplex_forest_3_way, hex_medium
D:2:      layout_rooms, shapermc_ecumenical_altar_pompeii, uniq_robin,
          uniq_jessica
D:3:      layout_loops_ring
D:4:      layout_cave_pods, minmay_temple_entry_poolview
D:5:      layout_basic, bloody_trog, nicolae_tso_swordbearing_angel,
          serial_shops, shop
Temple:   hellmonk_temple_forest_ring

Skill      XL: |  1  2  3  4  5  6  7 |
---------------+----------------------+-----
Maces & Flails | 3 4 5 |  5.0
Fighting       | 4 5 6 |  6.0
Armour         | 5 |  5.8
Shields        | |  3.2

Action                     |  1- 3 |  4- 6 |  7- 9 || total
---------------------------+-------+-------+-------++-------
  Melee: Flail             |    90 |    85 |       ||   175
         Whip              |       |   105 |    42 ||   147
  Throw: Dart              |       |       |     5 ||     5
         Javelin           |       |       |     2 ||     2
    Use: Scroll            |       |     3 |     1 ||     4
         Potion            |       |       |     6 ||     6
 Armour: Scale mail        |    74 |   120 |       ||   194
         Chain mail        |       |    14 |    59 ||    73
  Dodge: Dodged            |    46 |    67 |    26 ||   139
  Block: Buckler           |    16 |    28 |    17 ||    61

Table legend: (Time is in decaauts)
 A = Elapsed time spent in this place.
 B = Non-inter-level travel time spent in this place.
 C = Inter-level travel time spent in this place.
 D = Time resting spent in this place.
 E = Time spent auto-exploring this place.
 F = Levels seen in this place.
 G = Mean time per level.
                   A        B        C        D        E       F      G
               +--------+--------+--------+--------+--------+-----+--------+
         Total |   3083 |   2961 |    122 |      0 |   2241 |   6 |  513.8 |
       Dungeon |   3066 |   2960 |    106 |      0 |   2241 |   5 |  613.2 |
        Temple |     16 |      1 |     15 |      0 |      0 |   1 |   16.0 |
               +--------+--------+--------+--------+--------+-----+--------+

Top non-repeatable levels by time:
     D:1: 1052 daAuts
     D:3: 932 daAuts
     D:2: 531 daAuts
     D:4: 525 daAuts
     D:5: 24 daAuts
  Temple: 16 daAuts
